 Dungeon Crawl Stone Soup version 0.28-a0-1613-gdaab1c2f9b (webtiles) character file.

Game seed: 2399411815218744526

3041 tatocazan the Ruffian (level 9, -3/85 HPs)
             Began as a Troll Hunter on Jan 21, 2022.
             Was a Believer of Okawaru.
             Slain by a killer bee (8 damage)
             ... on level 8 of the Dungeon.
             The game lasted 00:06:42 (7186 turns).

tatocazan the Ruffian (Troll Hunter)                Turns: 7186, Time: 00:06:42

Health: -3/85      AC:  5    Str: 32    XL:     9   Next: 56%
Magic:  10/10      EV: 11    Int:  7    God:    Okawaru [**....]
Gold:   277        SH:  0    Dex: 10    Spells: 8/8 levels left

rFire   . . .      SeeInvis .     - Unarmed
rCold   . . .      Faith    .   (no shield)
rNeg    . . .      Spirit   .   b - +0 robe
rPois   .          Reflect  .   (helmet restricted)
rElec   .          Harm     .   n - +0 cloak
rCorr   .          Rampage  .   (gloves unavailable)
Will    .....                   (boots unavailable)
Stlth   +.........              (no amulet)
HPRegen 1.04/turn               a - +4 ring of slaying
MPRegen 0.12/turn               G - +6 ring of strength

@: mighty, lethally poisoned (-3 -> -4)
A: large, unfitting armour, claws 3, regeneration 1, shaggy fur 1, tough skin 1
a: Renounce Religion, Heroism


You were on level 8 of the Dungeon.
You worshipped Okawaru.
Okawaru was pleased with you.
You visited 1 branch of the dungeon, and saw 8 of its levels.

You collected 277 gold pieces.

Inventory:

Hand Weapons
 m - a +3 quarterstaff of chaos
Missiles
 c - 5 large rocks (quivered)
 d - 2 throwing nets
Armour
 b - a +0 robe (worn)
 n - a +0 cloak (worn)
Jewellery
 a - a +4 ring of slaying (left claw)
 w - a +6 ring of intelligence
 E - a +6 ring of intelligence
 G - a +6 ring of strength (right claw)
Wands
 i - a wand of iceblast (10)
 q - a wand of polymorph (13)
 B - a wand of paralysis (11)
 F - a wand of mindburst (12)
Scrolls
 e - 3 scrolls of teleportation {unknown}
 g - 3 scrolls of torment {unknown}
 h - a scroll of fog {unknown}
 o - 3 scrolls of enchant weapon {unknown}
 p - a scroll of vulnerability {unknown}
 r - 3 scrolls of identify {unknown}
 v - a scroll of immolation {unknown}
 y - 2 scrolls of magic mapping {unknown}
 z - a scroll of fear {unknown}
 C - a scroll of amnesia {unknown}
Potions
 f - 3 potions of might
 j - 2 potions of resistance {unknown}
 k - 2 potions of attraction {unknown}
 l - 5 potions of curing {unknown}
 s - a potion of haste {unknown}
 t - a potion of mutation {unknown}
 u - 3 potions of lignification {unknown}
 x - a potion of berserk rage {unknown}
 A - a potion of ambrosia {unknown}
 D - a potion of flight {unknown}


   Skills:
 + Level 4.6 Fighting
 + Level 6.0 Throwing
 + Level 4.1 Armour
 + Level 4.6 Dodging
 - Level 0.3 Stealth
 * Level 7.4 Unarmed Combat
 + Level 3.0 Invocations


You had 8 spell levels left.
You didn't know any spells.
Your spell library contained the following spells:

 Spells                   Type           Power      Damage    Failure   Level
 Sandblast                Erth           0%         2d4       43%         1
 Slow                     Hex            0%         N/A       43%         1
 Static Discharge         Conj/Air       0%         N/A       56%         2
 Confusing Touch          Hex            0%         N/A       80%         3
 Vampiric Draining        Necr           0%         2d6       80%         3
 Dispel Undead            Necr           0%         3d6       99%         4
 Passage of Golubria      Tloc           0%         N/A       99%         4
 Sticky Flame             Conj/Fire      0%         2d3       99%         4
 Yara's Violent Unravell  Hex/Tmut       0%         3d3       100%        5
 Tukima's Dance           Hex            Unusable   N/A       N/A         3

Dungeon Overview and Level Annotations

Branches:
Dungeon (8/15)             Temple (0/1) D:7
   Lair: D:8-11

Altars:
Ashenzari
Elyvilon
Gozag
Hepliaklqana
Okawaru
Trog
Wu Jian
Zin

Shops:
D:1 *   D:4 *


Innate Abilities, Weirdness & Mutations

You are too large for most types of armour.
You have claws for hands.
Your natural rate of healing is unusually fast.
You are covered in fur. (AC +1)
You have tough skin. (AC +1)


Message History

You take 6 damage, and have 41/85 hp.
You mangle the killer bee!!
You kill the killer bee!
Okawaru accepts your kill.
You feel very sick. The killer bee stings you.
The killer bee barely misses you.
The killer bee stings you but does no damage.
The killer bee completely misses you.
Your Throwing skill increases to level 6!
Your Invocations skill increases to level 3!
You take 10 damage, and have 31/85 hp.
You miss the killer bee.
You feel very sick. The killer bee misses you.
The killer bee closely misses you.
The killer bee stings you but does no damage. x2
You take 3 damage, and have 28/85 hp.
You scratch the killer bee.
The killer bee is moderately wounded.
You feel very sick. The killer bee stings you.
* * * LOW HITPOINT WARNING * * *
The killer bee misses you. The killer bee barely misses you.
The killer bee closely misses you.
You take 7 damage, and have 21/85 hp.
You feel very sick.
The killer bee buzzes angrily.
The killer bee stings you.
* * * LOW HITPOINT WARNING * * *
The killer bee barely misses you.
The killer bee stings you but does no damage.
You see here a killer bee corpse.
You take 7 damage, and have 14/85 hp.
You feel very sick. The killer bee stings you.
* * * LOW HITPOINT WARNING * * *
You take 8 damage, and have 6/85 hp.
It was a potion of might.
You feel very mighty all of a sudden.
You feel sick. The killer bee barely misses you. The killer bee stings you!
You die...

........#.......
##.................
##..................
##...................
#.#.............y....
.##....................
.....>.................
..............yy##.##..
..........<.:?@..#
.......<........##
.....(..(.....^.#
..[##(...##.##.## .
#...####.#..# ......
#>.... ...### .......
##.. ........ #. ....


You could see 3 killer bees.

Vanquished Creatures
  Menkaure (D:5)
  3 water moccasins
  Duvessa (D:5)
  An orc warrior (D:7)
  2 sky beasts (D:7)
  3 black bears
  An ice beast (D:6)
  2 necrophages
  3 ogres
  A centaur (D:6)
  2 phantoms (D:5)
  Blork the orc (D:5)
  A kobold brigand (D:7)
  2 scorpions
  Dowan (D:5)
  A water moccasin skeleton (D:5)
  2 killer bees (D:8)
  A hound (D:4)
  A bullfrog zombie (D:6)
  A centaur zombie (D:7)
  3 orc priests
  Crazy Yiuf (D:2)
  Terence (D:2)
  4 iguanas
  Natasha (D:2)
  3 orc wizards
  A killer bee zombie (D:7)
  2 hound skeletons
  A gnoll (D:4)
  11 adders
  2 white imps
  An ufetubus (D:5)
  A worm (D:3)
  2 dart slugs
  14 orcs
  6 ball pythons
  10 bats
  9 endoplasms
  3 giant cockroaches
  10 goblins
  7 hobgoblins
  2 jackals (D:2)
  7 kobolds
  A quokka (D:3)
  2 frilled lizards (D:3)
  8 rats
144 creatures vanquished.

Vanquished Creatures (others)
  A phantom (D:6)
1 creature vanquished.

Grand Total: 145 creatures vanquished

Notes
Turn   | Place    | Note
-------+----------+-------------------------------------------
     0 | D:1      | tatocazan the Troll Hunter began the quest for the Orb.
     0 | D:1      | Reached XP level 1. HP: 19/19 MP: 0/0
    63 | D:1      | Found a faded altar of an unknown god.
    78 | D:1      | Got Plato's Disquisition on Clay
    99 | D:1      | Reached XP level 2. HP: 23/28 MP: 1/1
   134 | D:1      | Reached skill level 1 in Unarmed Combat
   146 | D:1      | Found Wisiz's General Store.
   727 | D:2      | Reached XP level 3. HP: 35/35 MP: 2/2
   759 | D:2      | Noticed Natasha
   764 | D:2      | Killed Natasha
   765 | D:2      | Reached skill level 2 in Unarmed Combat
   829 | D:2      | Reached skill level 1 in Armour
   829 | D:2      | Reached XP level 4. HP: 41/42 MP: 3/3
  1244 | D:2      | Found a runed translucent door.
  1245 | D:2      | Noticed Crazy Yiuf
  1340 | D:2      | Noticed Terence
  1344 | D:2      | Killed Terence
  1608 | D:2      | Killed Crazy Yiuf
  1609 | D:2      | Reached XP level 5. HP: 32/49 MP: 4/4
  1899 | D:3      | Reached skill level 3 in Unarmed Combat
  1904 | D:3      | HP: 2/50 [orc (3)]
  2929 | D:4      | Found an opulent altar of Gozag.
  2984 | D:4      | Reached XP level 6. HP: 36/59 MP: 5/5
  3109 | D:4      | Found Zin's Purification Station.
  3110 | D:4      | Found a glowing silver altar of Zin.
  3436 | D:4      | Noticed a water moccasin
  3448 | D:4      | Killed a water moccasin
  3449 | D:4      | Reached skill level 4 in Unarmed Combat
  3449 | D:4      | Reached XP level 7. HP: 34/66 MP: 6/6
  3518 | D:4      | Found a hazy altar of Hepliaklqana.
  3610 | D:4      | Found an iron altar of Okawaru.
  3610 | D:4      | Found a bloodstained altar of Trog.
  3620 | D:4      | Became a worshipper of Warmaster Okawaru
  3788 | D:5      | Entered Level 5 of the Dungeon
  3841 | D:5      | Noticed Menkaure
  3847 | D:5      | Killed Menkaure
  4009 | D:5      | Noticed Duvessa
  4009 | D:5      | Noticed Dowan
  4021 | D:5      | Killed Duvessa
  4022 | D:5      | Reached skill level 5 in Unarmed Combat
  4024 | D:5      | Killed Dowan
  4027 | D:5      | Reached * piety under Okawaru
  4028 | D:5      | Reached XP level 8. HP: 48/75 MP: 7/7
  4035 | D:5      | Reached skill level 5 in Throwing
  4512 | D:5      | Noticed Blork the orc
  4519 | D:5      | Killed Blork the orc
  4584 | D:5      | Reached skill level 1 in Invocations
  4664 | D:5      | Reached skill level 6 in Unarmed Combat
  5682 | D:6      | Reached XP level 9. HP: 35/84 MP: 9/9
  6212 | D:6      | Found a broken altar of Ashenzari.
  6238 | D:6      | Found an ornate altar of the Wu Jian Council.
  6515 | D:7      | Reached ** piety under Okawaru
  6627 | D:7      | Found a staircase to the Ecumenical Temple.
  6688 | D:7      | Found a white marble altar of Elyvilon.
  6693 | D:7      | Reached skill level 7 in Unarmed Combat
  7186 | D:8      | Slain by a killer bee

Illustrated notes

Levels and vault maps discovered:
D:1:      elethiomel_arrival_quiet, layout_loops_ring, serial_shops,
          nicolae_shop_advertising_works [nicolae_subvault_shop_adworks],
          shapermc_ecumenical_altar_rom_forum, chequers_serial_rivers_marsh
D:2:      layout_basic, uniq_natasha, uniq_crazy_yiuf_cottage, uniq_terence
D:3:      layout_loops_ring, kennysheep_generic_room_14
D:4:      layout_cave_pods, grunt_temple_overflow_bloody_war,
          nicolae_hepliaklqana_hippocampus, zin_purify,
          mainiacjoe_overflow_small_starburst
D:5:      layout_loops_ring, kennysheep_generic_room_11, uniq_duvessa,
          uniq_menkaure, uniq_blork_the_orc
D:6:      layout_layer_cave, nicolae_wu_jian_glorious_leap, kennysheep_mini_moat
D:7:      layout_loops_ring, elyvilon_altar_3, temple_pool_b, st_stairs_2
D:8:      layout_cave_pools, nicolae_ru_sacrificial_ziggurat, abandoned_shop

Skill      XL: |  1  2  3  4  5  6  7  8  9 |
---------------+----------------------------+-----
Unarmed Combat | 1 2 3 4 5 6 7 |  7.4
Fighting       | 2 3 4 |  4.6
Dodging        | 2 3 4 |  4.6
Armour         | 1 2 3 4 |  4.1
Throwing       | 4 5 6 |  6.0
Invocations    | 2 3 |  3.0
Stealth        | |  0.3

Action                   |  1- 3 |  4- 6 |  7- 9 || total
-------------------------+-------+-------+-------++-------
Melee: Unarmed           |    70 |   123 |   187 ||   380
       Punch             |     2 |     2 |     6 ||    10
  Use: Potion            |       |       |     1 ||     1
 Stab: Sleeping          |     1 |       |       ||     1
Armor: Robe              |    30 |    38 |    43 ||   111
Dodge: Dodged            |    42 |    45 |    92 ||   179

Table legend: (Time is in decaauts)
 A = Elapsed time spent in this place.
 B = Non-inter-level travel time spent in this place.
 C = Inter-level travel time spent in this place.
 D = Time resting spent in this place.
 E = Time spent auto-exploring this place.
 F = Levels seen in this place.
 G = Mean time per level.
                   A        B        C        D        E       F      G
               +--------+--------+--------+--------+--------+-----+--------+
         Total |   7158 |   6903 |    255 |    759 |   5253 |   8 |  894.8 |
       Dungeon |   7158 |   6903 |    255 |    759 |   5253 |   8 |  894.8 |
               +--------+--------+--------+--------+--------+-----+--------+

Top non-repeatable levels by time:
     D:6: 1543 daAuts
     D:5: 1129 daAuts
     D:4: 1047 daAuts
     D:2: 1019 daAuts
     D:3: 1006 daAuts
     D:1: 708 daAuts
     D:7: 685 daAuts
     D:8: 18 daAuts
